 Dungeon Crawl Stone Soup version 0.18-a0-596-g6468885 (webtiles) character file.

285 4thArraOfDagon the Twirler (level 5, -5/46 HPs)
             Began as a Demigod Wanderer on Dec 3, 2015.
             Slain by Erolcha
             ... wielding a cursed -3 giant spiked club
              (15 damage)
             ... on level 8 of the Dungeon.
             The game lasted 00:05:10 (909 turns).

4thArraOfDagon the Twirler (Demigod Wanderer)        Turns: 909, Time: 00:05:10

Health: -5/46      AC: 10    Str: 13    XL:     5   Next: 79%
Magic:  6/7        EV:  8    Int: 17    God:
Gold:   46         SH:  0    Dex: 18    Spells: 0 memorised, 4 levels left

rFire  . . .     SeeInvis .     q - +5 quarterstaff (chaos)
rCold  . . .     Clarity  .     l - +0 scale mail
rNeg   . . .     SustAt   +     (shield currently unavailable)
rPois  .         Gourm    .     (no helmet)
rElec  .         Spirit   .     r - +2 cloak {+Inv}
rCorr  .         Dismiss  .     (no gloves)
rMut   .         Stasis   .     (no boots)
MR     .....                    (no amulet)
Stlth  +.........               (no ring)
                                (no ring)

@: very slightly contaminated, invisible, not resistant to hostile enchantments,
very unstealthy
A: high mp 1, sustain attributes
a: Turn Visible


You were on level 8 of the Dungeon.
You were hungry.

You visited 1 branch of the dungeon, and saw 7 of its levels.

You collected 46 gold pieces.

Inventory:

Hand Weapons
 a - a +2 hand crossbow of velocity
 c - a +0 quarterstaff
 j - a +2 short sword of holy wrath
 q - a +5 quarterstaff of chaos (weapon)
Missiles
 b - 10 bolts
 e - 7 exploding tomahawks (quivered)
 s - 4 javelins
Armour
 l - a +0 scale mail (worn)
 r - a +2 cloak of invisibility (worn)
Scrolls
 f - 2 scrolls of remove curse
 h - a scroll of identify
 i - a scroll of enchant weapon
Comestibles
 g - 2 bread rations
 n - a meat ration
 p - a beef jerky


   Skills:
 + Level 3.7 Fighting
 * Level 4.0 Staves
 - Level 1.0 Crossbows
 - Level 1.0 Throwing
 + Level 3.3 Armour
 - Level 1.7 Stealth


You had 4 spell levels left.
You didn't know any spells.

Dungeon Overview and Level Annotations

Branches:
Dungeon (8/15)
 Temple: D:4-7         Lair: D:8-11

Shops:
D:5 }

Annotations:
D:5 Sigmund; endege's ghost, novice DDSu
D:8 Erolcha


Innate Abilities, Weirdness & Mutations

You have an increased reservoir of magic (+10% MP).
Your attributes are resistant to harm.


Message History

The adder bites you but does no damage.
You sock the adder!
You feel better.
The adder is severely wounded.
You are feeling hungry.
You feel sick. The adder barely misses you.
You hit the adder.
You kill the adder!
Your Staves skill increases to level 4!
Drink which item? (? for menu, Esc to quit)
You feel better. The worker ant zombie bites you.
You catch the helpless worker ant zombie completely off-guard!
You thump the worker ant zombie!
The worker ant zombie convulses.
The worker ant zombie bites you.
You sock the worker ant zombie! You burn the worker ant zombie.
You destroy the worker ant zombie!
You closely miss something. Something hits you!!
Ouch! That really hurt!
* * * LOW HITPOINT WARNING * * *
You closely miss something. Something hits you!
You die...

. . .## #.. ..#
#.#.# #.##.#
#.##@# #.##.#
#.##.# #.##.#
#.#.######.##.#
...........##.#
..#........##.#.#
#.............#
......#.......###


There were no monsters in sight!

Vanquished Creatures
  A scorpion (D:4)
  2 crimson imps
  A hound (D:4)
  Crazy Yiuf (D:5)
  An iguana (D:5)
  4 adders
  A worker ant zombie (D:8)
  3 worms
  2 bats (D:2)
  2 goblins
  A hobgoblin (D:2)
  4 jackals (D:5)
  A giant cockroach (D:5)
  2 giant newts
  3 rats
29 creatures vanquished.

Notes
Turn   | Place    | Note
--------------------------------------------------------------
     0 | D:1      | 4thArraOfDagon the Demigod Wanderer began the quest for the Orb.
     0 | D:1      | 4thArraOfDagon set off with: a +2 hand crossbow, 22 bolts, a +0 quarterstaff, a potion of curing, a +0 robe, a +0 dagger, a bread ration
     0 | D:1      | Reached XP level 1. HP: 18/18 MP: 3/3
   128 | D:2      | Reached XP level 2. HP: 23/25 MP: 4/4
   223 | D:3      | Found a sparkling altar of Nemelex Xobeh.
   312 | D:4      | Reached skill level 3 in Fighting
   312 | D:4      | Reached XP level 3. HP: 23/31 MP: 5/5
   395 | D:4      | Found a glowing golden altar of the Shining One.
   413 | D:4      | Reached XP level 4. HP: 15/38 MP: 6/6
   527 | D:5      | Entered Level 5 of the Dungeon
   527 | D:5      | Noticed endege's ghost (novice DDSu)
   699 | D:5      | Reached XP level 5. HP: 41/45 MP: 7/7
   716 | D:5      | Noticed Crazy Yiuf
   726 | D:5      | Killed Crazy Yiuf
   760 | D:5      | super weapon like that
   826 | D:5      | Noticed Sigmund
   871 | D:5      | Found Kaip Gipt's Quality Used Wands.
   880 | D:5      | You fall through a shaft for 3 floors!
   880 | D:8      | Noticed Erolcha
   904 | D:8      | Reached skill level 4 in Staves
   909 | D:8      | Slain by Erolcha

Vault maps used:
D:1:      dpeg_arrival_round_c
D:2:      first_bread, johnstein_pakellas_dig
D:3:      nemelex_xobeh_ov_fountains_minmay, marbit_many_paths,
          minmay_misc_feat_diagonals
D:4:      minitemple, tso_metal_star
D:5:      minmay_temple_entry_junction, hex_large, nicolae_for_you_no_charge,
          uniq_crazy_yiuf_cottage, uniq_sigmund
D:6:      uniq_menkaure, uniq_blork_the_orc
D:8:      kennysheep_vampire_church, nicolae_ossuary_entry_ruins, uniq_maurice,
          uniq_erolcha, uniq_pikel

Action                   |  1- 3 |  4- 6 || total
-------------------------+-------+-------++-------
Melee: Quarterstaff      |       |    62 ||    62
 Fire: Hand crossbow     |    47 |    20 ||    67
 Abil: Evoke Invisibilit |       |     1 ||     1
  Use: Scroll            |       |     4 ||     4
       Potion            |       |     3 ||     3
 Stab: Invisible         |       |     1 ||     1
